 Dungeon Crawl Stone Soup version 0.28-b1-25-g9875b3fc8c (webtiles) character file.

Game seed: 12698169644634846545

33 mopl the Sneak (level 3, -2/24 HPs)
             Began as an Octopode Brigand on Feb 7, 2022.
             Was a Follower of Makhleb.
             Killed from afar by Sigmund (13 damage)
             ... with a puff of flame
             ... on level 2 of the Dungeon.
             The game lasted 00:01:14 (670 turns).

mopl the Sneak (Octopode Brigand)                    Turns: 670, Time: 00:01:14

Health: -2/24      AC:  1    Str: 10    XL:     3   Next: 29%
Magic:  3/3        EV: 12    Int: 13    God:    Makhleb [*.....]
Gold:   109        SH:  0    Dex: 15    Spells: 2/2 levels left

rFire   . . .      SeeInvis .   a - +2 dagger
rCold   . . .      Faith    .   (no shield)
rNeg    . . .      Spirit   .   (helmet restricted)
rPois   .          Reflect  .   (no amulet)
rElec   .          Harm     .   (no ring)
rCorr   .          Rampage  .   (no ring)
Will    .....                   (no ring)
Stlth   ++++......              (no ring)
HPRegen 0.08/turn               (no ring)
MPRegen 0.08/turn               (no ring)
                                (no ring)
                                (no ring)

@: lethally poisoned (-2 -> -6)
A: almost no armour, amphibious, 8 rings, camouflage 1, gelatinous body 1,
(nimble swimmer 1), tentacles
a: Renounce Religion


You were on level 2 of the Dungeon.
You worshipped Makhleb.
Makhleb was aware of your devotion.
You visited 1 branch of the dungeon, and saw 2 of its levels.

You collected 109 gold pieces.

Inventory:

Hand Weapons
 a - a +2 dagger (weapon)
Missiles
 b - 8 poisoned darts (quivered)
 c - 2 curare-tipped darts
 f - 24 sling bullets
Scrolls
 d - 2 scrolls of identify {unknown}
Potions
 e - a potion of magic {unknown}


   Skills:
 - Level 2.0 Fighting
 + Level 2.2 Short Blades
 + Level 2.2 Throwing
 - Level 1.0 Dodging
 + Level 6.4 Stealth
 + Level 0.5 Invocations


You had 2 spell levels left.
You didn't know any spells.
Your spell library was empty.

Dungeon Overview and Level Annotations

Branches:
Dungeon (2/15)

Altars:
Makhleb

Annotations:
D:2 Sigmund


Innate Abilities, Weirdness & Mutations

You cannot wear most types of armour.
You are amphibious.
You can wear up to eight rings at the same time.
Your skin changes colour to match your surroundings (Stealth+).
Your rubbery body absorbs attacks. (AC +1, EV +1)
((You are camouflaged when in or above water. (Stealth+)))
You have tentacles for arms and can constrict up to eight enemies at once.


Message History

No target in view!
You now have 97 gold pieces (gained 8).
A bat comes into view.
A bat is nearby!
The bat hits you.
You barely miss the bat. Your grab misses the bat. You squeeze the bat.
You kill the bat!
Makhleb accepts your kill.
You feel better.
No target in view!
No target in view!
You now have 109 gold pieces (gained 12).
Sigmund the Dreaded comes into view.
He is wielding a +2 scythe of venom.
Sigmund shouts!
Sigmund is nearby!
Sigmund misses you. Sigmund gestures at you while chanting.
The puff of flame misses you.
You hit Sigmund. Your grab misses Sigmund.
Sigmund is lightly wounded.
Sigmund hits you with a +2 scythe of venom!
You are poisoned.
You closely miss Sigmund. You grab Sigmund.
Sigmund is lightly wounded.
You constrict Sigmund.
You feel sick.
You hit Sigmund.
Sigmund is lightly wounded.
You constrict Sigmund.
You feel sick.
Sigmund flickers, as though insubstantial.
Sigmund barely misses you.
You hit Sigmund. You squeeze Sigmund, but do no damage.
Sigmund is moderately wounded.
You constrict Sigmund.
You feel sick.
You hit Sigmund but do no damage.
Sigmund is moderately wounded.
You constrict Sigmund.
You feel sick. Sigmund casts a spell at you. The puff of flame hits you!
Ouch! That really hurt!
You die...

.... ..... .....
.....###### #######
..........########......
...................##...
......@.............^...
.......@................
#.#.......######........
#.......# #...##......
#.......# #...##......
#.......###...##......
#.............##......
#.............##.#####
#.............##......
######################


You could see Sigmund.

Vanquished Creatures
  3 ball pythons
  4 bats
  3 endoplasms
  3 giant cockroaches
  3 hobgoblins (D:1)
  5 jackals
  2 quokkas
  3 frilled lizards (D:1)
  2 rats (D:1)
28 creatures vanquished.

Notes
Turn   | Place    | Note
-------+----------+-------------------------------------------
     0 | D:1      | mopl the Octopode Brigand began the quest for the Orb.
     0 | D:1      | Reached XP level 1. HP: 14/14 MP: 1/1
   138 | D:1      | Reached XP level 2. HP: 19/19 MP: 2/2
   164 | D:1      | Reached skill level 6 in Stealth
   222 | D:1      | Found a faded altar of an unknown god.
   230 | D:1      | Prayed at the altar of an unknown god.
   230 | D:1      | Became a worshipper of Makhleb the Destroyer
   230 | D:1      | Reached * piety under Makhleb
   601 | D:2      | Reached XP level 3. HP: 24/24 MP: 3/3
   661 | D:2      | Noticed Sigmund
   670 | D:2      | Killed from afar by Sigmund

Illustrated notes

Levels and vault maps discovered:
D:1:      lemuel_arrival_tunnels, layout_basic, basic_ecumenical_altar,
          interstate_on_off, minmay_hexomino_p4
D:2:      layout_basic, uniq_sigmund

Skill      XL: |  1  2 |
---------------+-------+-----
Stealth        | 6 |  6.4
Fighting       | |  2.0
Short Blades   | |  2.2
Throwing       | |  2.2
Dodging        | |  1.0
Invocations    | |  0.5

Action                   || total
-------------------------++-------
Melee: Dagger            ||    53
       Tentacles         ||     9
       Constrict         ||     9
 Stab: Sleeping          ||    15
Armor: Skin              ||     4
Dodge: Dodged            ||    27
